[Event "*** Titled Tuesday Blitz"]
[Site "Chess.com"]
[Date "2018.07.03"]
[Round "7"]
[White "Orest_Vovk"]
[Black "AndrewDGreen"]
[Result "1-0"]
[WhiteElo "2244"]
[BlackElo "2176"]
[TimeControl "180+2"]
[EndTime "14:26:37 PDT"]
[Termination "Orest_Vovk won by resignation"]

1. h4 d5 2. h5 Bf5 3. Nc3 Nf6 4. d3 d4 5. e4 dxc3 6. exf5 Qd5 7. bxc3 Qxf5 8.
Nf3 Nc6 9. Rb1 O-O-O 10. Rh4 e5 11. g3 g5 12. Bxg5 1-0

[Event "*** Titled Tuesday Blitz"]
[Site "Chess.com"]
[Date "2018.07.03"]
[Round "7"]
[White "krzysztofszczurek"]
[Black "ENEASZ"]
[Result "0-1"]
[WhiteElo "2377"]
[BlackElo "2512"]
[TimeControl "180+2"]
[EndTime "14:27:09 PDT"]
[Termination "ENEASZ won by checkmate"]

1. e4 e5 2. Nf3 Nc6 3. Bc4 Nf6 4. d3 Be7 5. c3 O-O 6. Nbd2 d5 7. Bb3 dxe4 8.
dxe4 Nd7 9. Bc2 a5 10. Qe2 Nc5 11. Nf1 b6 12. Be3 Ba6 13. Qd2 Qc8 14. O-O-O Rd8 15. Qe1 Qe6 16. Kb1 a4 17. Bxc5 Bxc5 18. Ne3 Bxe3 19.
Qxe3 Bc4 20. a3 Ba2+ 21. Ka1 Bb3 22. Ng5 Qg4 23. f3 Qxg2 24. Bxb3 axb3 25. Rdg1 Rxa3+ 26. bxa3 Qa2# 0-1

[Event "*** Titled Tuesday Blitz"]
[Site "Chess.com"]
[Date "2018.07.03"]
[Round "7"]
[White "dinesh501"]
[Black "Gvalch"]
[Result "1-0"]
[WhiteElo "2174"]
[BlackElo "2595"]
[TimeControl "180+2"]
[EndTime "14:27:37 PDT"]
[Termination "dinesh501 won by resignation"]

1. e4 e6 2. d4 d5 3. Nc3 Nf6 4. e5 Nfd7 5. f4 c5 6. Nf3 Be7 7. Be3 b6 8. Qd2 a5 9. Bb5 Ba6 10. O-O g6 11. a3 Qc7 12. Rac1 O-O 13. f5 Bxb5 14. Nxb5 Qc6 15. f6 Qxb5 16. fxe7 Re8 17. Bg5 Nc6 18. Bf6 Nxe7 19. Nh4 Nxf6 20. exf6 Kh8 21.
Qh6 Rg8 22. fxe7 Rae8 23. Rxf7 1-0

[Event "*** Titled Tuesday Blitz"]
[Site "Chess.com"]
[Date "2018.07.03"]
[Round "7"]
[White "dreamist"]
[Black "abubakrtagelsir"]
[Result "1-0"]
[WhiteElo "2593"]
[BlackElo "2450"]
[TimeControl "180+2"]
[EndTime "14:28:13 PDT"]
[Termination "dreamist won by resignation"]

1. g3 g6 2. c4 Bg7 3. Nc3 Nf6 4. Bg2 d6 5. e4 O-O 6. Nge2 c5 7. O-O Nc6 8. f4 Rb8 9. d3 a6 10. a4 Qc7 11. Be3 Ng4 12. Bd2 Nd4 13. h3 Nxe2+ 14. Nxe2 Nf6 15. Bc3 b5 16. e5 Nd7 17. axb5 axb5 18.
Ba5 Nb6 19. Nc3 dxe5 20. Nd5 Qd6 21. Bxb6 Rxb6 22. Nxb6 Qxb6 23. Qb3 exf4 24. Qxb5 Qxb5 25. cxb5 Bxb2 26. Ra8 Bd4+ 27. Kh1 fxg3 28. b6 Be5 29. b7 Be6 30. Rfa1 1-0

[Event "*** Titled Tuesday Blitz"]
[Site "Chess.com"]
[Date "2018.07.03"]
[Round "7"]
[White "Mimsychess"]
[Black "Triumphmate"]
[Result "0-1"]
[WhiteElo "2284"]
[BlackElo "2236"]
[TimeControl "180+2"]
[EndTime "14:28:21 PDT"]
[Termination "Triumphmate won by resignation"]

1. e4 d5 2. exd5 Nf6 3. Nf3 Bg4 4. Bb5+ c6 5. dxc6 Nxc6 6. h3 Bh5 7. O-O e6 8. d3 Bd6 9. Nbd2 O-O 10. Ne4 Nd4 11.
Nxf6+ Qxf6 12. Bg5 Nxf3+ 13. Qxf3 Qxg5 14. g4 Qxb5 15. gxh5 Qxb2 16. h6 gxh6 17. Kh1 Kh8 18. Rab1 Qe5 19.
Qg2 Rg8 20. f4 Qd5 21. Qxd5 exd5 22. Rxb7 Rab8 23. Rd7 Rb6 24. Rxf7 Rb2 25. Re7 Bxe7 0-1

[Event "*** Titled Tuesday Blitz"]
[Site "Chess.com"]
[Date "2018.07.03"]
[Round "7"]
[White "NateSolon"]
[Black "Mikhail_Golubev"]
[Result "0-1"]
[WhiteElo "2387"]
[BlackElo "2392"]
[TimeControl "180+2"]
[EndTime "14:28:35 PDT"]
[Termination "Mikhail_Golubev won by resignation"]

1. d4 Nf6 2. Bg5 d6 3. Bxf6 exf6 4. e3 Be7 5. c4 O-O 6. Nc3 Nd7 7.
g3 f5 8. Bg2 Nf6 9. Nge2 c6 10.
O-O Re8 11. Qd3 Bf8 12. b4 g6 13. b5 d5 14. bxc6 bxc6 15. cxd5 cxd5 16. Nf4 Be6 17. Rab1 Ne4 18. Rfc1 Rc8 19. Nb5 Qa5 20. Ne2 Nd2 21. Rxc8 Rxc8 22. Rd1 Ne4 23. Rc1 Rxc1+ 24. Nxc1 Qe1+ 25.
Qf1 Qd2 26. Nxa7 Bd7 27. Bxe4 fxe4 0-1

[Event "*** Titled Tuesday Blitz"]
[Site "Chess.com"]
[Date "2018.07.03"]
[Round "7"]
[White "djogrodek1"]
[Black "FairChess_on_YouTube"]
[Result "0-1"]
[WhiteElo "2500"]
[BlackElo "2920"]
[TimeControl "180+2"]
[EndTime "14:28:53 PDT"]
[Termination "FairChess_on_YouTube won on time"]

1. e4 c5 2. Nf3 e6 3. d4 cxd4 4. Nxd4 Nc6 5. Nc3 a6 6. Be3 Nf6 7. a3 Qc7 8. f4 d6 9. Qf3 Bd7 10. O-O-O h5 11. Kb1 Rb8 12. Bd3 b5 13. Nxc6 Bxc6 14.
Qe2 b4 15. axb4 Rxb4 16. Bxa6 Be7 17. Bb5 O-O 18. Bxc6 Qxc6 19. Na2 Rxe4 20. Qd3 Ra8 21. b3 Rxe3 22. Qxe3 Qa6 23. Kc1 Qxa2 24. Kd2 Nd5 25. Qd3 Bf6 0-1

[Event "*** Titled Tuesday Blitz"]
[Site "Chess.com"]
[Date "2018.07.03"]
[Round "7"]
[White "gmcorrales"]
[Black "Superfelix"]
[Result "1-0"]
[WhiteElo "2678"]
[BlackElo "2382"]
[TimeControl "180+2"]
[EndTime "14:29:09 PDT"]
[Termination "gmcorrales won by resignation"]

1. e4 c5 2. Nf3 d6 3. d4 cxd4 4.
Nxd4 Nf6 5. Nc3 a6 6. Be3 e5 7. Nf3 Qc7 8. a4 Be6 9. a5 Nbd7 10. Nd5 Nxd5 11. exd5 Bf5 12. c4 h6 13. b4 Be7 14. Be2 O-O 15. O-O Rac8 16. Rc1 Qb8 17. Qa4 Nf6 18. Rfd1 Bd7 19. Qb3 Ng4 20. Bb6 f5 21. c5 Kh8 22. h3 Nf6 23. Nh4 Kh7 24. c6 bxc6 25. dxc6 Rxc6 26. Rxc6 Bxc6 27. Nxf5 Qb7 28.
Qg3 Rf7 29. Rxd6 Ne4 30. Qg6+ Kh8 31. Qxf7 Bxd6 32. Nxd6 Nxd6 33. Qf8+ Kh7 34. Qxd6 Bxg2 35. Qxe5 Be4 36. Bd4 Qd7 37. Qxe4+ 1-0

[Event "*** Titled Tuesday Blitz"]
[Site "Chess.com"]
[Date "2018.07.03"]
[Round "7"]
[White "volodja49"]
[Black "GMMatamoros"]
[Result "1-0"]
[WhiteElo "2485"]
[BlackElo "2502"]
[TimeControl "180+2"]
[EndTime "14:29:12 PDT"]
[Termination "volodja49 won by resignation"]

1. d4 e6 2. c4 Bb4+ 3. Bd2 a5 4. Nf3 d6 5. g3 Nc6 6. Bg2 e5 7. O-O exd4 8. Bxb4 axb4 9. Nxd4 Nxd4 10. Qxd4 Nf6 11.
Nd2 c5 12. Qd3 O-O 13. Rfd1 Qe7 14. Nb3 Ra6 15. h3 Be6 16. a3 bxa3 17. Rxa3 Rb6 18. Rd2 g6 19. Qc3 Rb4 20. Na5 Qc7 21. Qxf6 1-0

[Event "*** Titled Tuesday Blitz"]
[Site "Chess.com"]
[Date "2018.07.03"]
[Round "7"]
[White "plouarzel"]
[Black "ChrisTool2"]
[Result "1-0"]
[WhiteElo "2484"]
[BlackElo "2266"]
[TimeControl "180+2"]
[EndTime "14:29:32 PDT"]
[Termination "plouarzel won by resignation"]

1. e4 c5 2. Nf3 e6 3. g3 Nc6 4. Bg2 d6 5. O-O g6 6. d4 cxd4 7. Nxd4 Bg7 8. Nb5 Ke7 9. Bg5+ f6 10. Be3 Nh6 11. N1a3 Nf7 12. Nc4 Nce5 13. Nxe5 Nxe5 14.
b3 a6 15. Nd4 Bd7 16. c4 Re8 17.
f4 Nc6 18. f5 e5 19. Ne2 Kf7 20. Nc3 Qa5 21. Nd5 Nd4 22. Bxd4 exd4 23. Qxd4 Re5 24. Kh1 Rae8 25. Rf2 Bc6 26. fxg6+ hxg6 27. Raf1 b5 28.
Nxf6 Bxf6 29. Rxf6+ Kg7 30. Qxd6 Rxe4 31. Rxg6+ Kh8 32. Rh6+ 1-0

[Event "*** Titled Tuesday Blitz"]
[Site "Chess.com"]
[Date "2018.07.03"]
[Round "7"]
[White "colegiodemadrid"]
[Black "Martins-BR"]
[Result "1-0"]
[WhiteElo "2225"]
[BlackElo "2307"]
[TimeControl "180+2"]
[EndTime "14:29:41 PDT"]
[Termination "colegiodemadrid won by resignation"]

1. e4 c5 2. Nf3 e6 3. d4 cxd4 4. Nxd4 Nf6 5. Nc3 d6 6. g4 e5 7. Bb5+ Bd7 8. Bxd7+ Qxd7 9. Nf5 h5 10. gxh5 Rxh5 11.
Nd5 Rxf5 12. exf5 Qxf5 13. Nc7+ Kd7 14. Nxa8 Qe4+ 15. Be3 Qxh1+ 16. Ke2 Qc6 17. Bxa7 Qa6+ 18. Qd3 Qxa7 19. Qb5+ Nc6 20. Nb6+ Ke6 21. Qb3+ d5 22. Kf1 Bc5 23. Qh3+ Kd6 24. Nc8+ Kc7 25. Nxa7 Bxa7 26. c3 d4 27. cxd4 Bxd4 28. Rb1 Ne4 29. Kg2 Nxf2 30. Qf5 f6 31. Qg6 Kd6 32. Qxg7 b6 33.
Qxf6+ Kd5 34. Qxf2 Bxf2 35. Kxf2 1-0

[Event "*** Titled Tuesday Blitz"]
[Site "Chess.com"]
[Date "2018.07.03"]
[Round "7"]
[White "ama18"]
[Black "ChessMavenYeti"]
[Result "1-0"]
[WhiteElo "2272"]
[BlackElo "2198"]
[TimeControl "180+2"]
[EndTime "14:29:44 PDT"]
[Termination "ama18 won by checkmate"]

1. e4 e6 2. d4 d5 3. Nd2 c5 4.
exd5 Qxd5 5. dxc5 Nf6 6. Ngf3 Qxc5 7. Bd3 a6 8. O-O Qc7 9. Qe2 Bd6 10. Nc4 Bf4 11.
Bxf4 Qxf4 12. Nce5 O-O 13. c3 Nbd7 14. Rad1 Nxe5 15.
Nxe5 b5 16. g3 Qh6 17. f4 Bb7 18. Bc2 Rfd8 19. Rxd8+ Rxd8 20. Rd1 Rxd1+ 21. Qxd1 Bd5 22. b3 Qh3 23. Qd2 g6 24. c4 bxc4 25. bxc4 Ne4 26.
Qe3 Nc3 27. cxd5 Nxd5 28. Qa7 f6 29. Qf7+ Kh8 30. Qf8# 1-0

[Event "*** Titled Tuesday Blitz"]
[Site "Chess.com"]
[Date "2018.07.03"]
[Round "7"]
[White "HanSchut"]
[Black "AsaHoffmann"]
[Result "0-1"]
[WhiteElo "2252"]
[BlackElo "1997"]
[TimeControl "180+2"]
[EndTime "14:29:44 PDT"]
[Termination "AsaHoffmann won by resignation"]

1. e4 d6 2. d4 Nf6 3. Nc3 c6 4. f4 Qa5 5. Bd3 e5 6. Nf3 exd4 7. Nxd4 Qb6 8. Nf3 Be7 9. Qe2 O-O 10. Qe3 Qc7 11.
Bd2 Nbd7 12. O-O-O Re8 13. Rdg1 Nc5 14. g4 Nxg4 15.
Rxg4 Nxd3+ 16. Qxd3 Bxg4 17. Rg1 Bxf3 18. Qxf3 Bf6 19.
Ne2 g6 20. f5 Qe7 21. fxg6 fxg6 22. Ng3 Rf8 23. Nf5 Qe6 24. Kb1 Rae8 25. Qh5 Be5 26. Qh6 Rxf5 27. exf5 Qxf5 28. Qe3 c5 29.
Qb3+ Qf7 30. Qd3 Bd4 31. Rf1 Qe6 32. b3 d5 33. Re1 Qxe1+ 0-1

[Event "*** Titled Tuesday Blitz"]
[Site "Chess.com"]
[Date "2018.07.03"]
[Round "7"]
[White "timator"]
[Black "florianschwabeneder"]
[Result "0-1"]
[WhiteElo "2346"]
[BlackElo "2471"]
[TimeControl "180+2"]
[EndTime "14:29:51 PDT"]
[Termination "florianschwabeneder won by checkmate"]

1. Nf3 g6 2. g3 Bg7 3. Bg2 Nf6 4. O-O O-O 5. d4 d6 6. c4 Nbd7 7. Nc3 e5 8. e4 c6 9. h3 Qb6 10. c5 dxc5 11. dxe5 Ne8 12. e6 fxe6 13. Qe2 h6 14. Be3 Qc7 15. Rad1 b6 16. Qd2 Kh7 17. Nh2 Ne5 18.
Qe2 a5 19. Rfe1 Ba6 20. Qc2 c4 21. Bf1 Nd3 22. Re2 Nf6 23. Red2 Rad8 24. b3 Nb4 25.
Qb1 Rxd2 26. Rxd2 Nd7 27. Qc1 cxb3 28. axb3 Bxf1 29. Nxf1 Ne5 30. Kg2 Nf3 31. Rd1 c5 32. Nh2 Nxh2 33. Kxh2 Qe5 34. Rd7 Kg8 35. Bxh6 Rxf2+ 36. Kh1 Qxg3 37. Rxg7+ Kh8 38. Qg5 Qh2# 0-1

[Event "*** Titled Tuesday Blitz"]
[Site "Chess.com"]
[Date "2018.07.03"]
[Round "7"]
[White "josiwales"]
[Black "Caterpiller35"]
[Result "0-1"]
[WhiteElo "2491"]
[BlackElo "2302"]
[TimeControl "180+2"]
[EndTime "14:29:52 PDT"]
[Termination "Caterpiller35 won by resignation"]

1. e4 c5 2. Nc3 Nc6 3. Bb5 Nd4 4. Nf3 a6 5. Bd3 e6 6. O-O Nf6 7. e5 Ng8 8. Ne4 f5 9. exf6 Nxf6 10. Nxd4 cxd4 11.
Nxf6+ Qxf6 12. c3 Bd6 13. f4 O-O 14. Qf3 Qxf4 15. Bxh7+ Kxh7 16. Qd3+ Kg8 17. Rxf4 Rxf4 18. b3 b6 19. Bb2 Bb7 20. cxd4 Raf8 21. Qe3 Re4 22. Qd3 Rg4 23. g3 Rf3 24. Qe2 Bxg3 25.
hxg3 Rgxg3+ 26. Kh2 Rh3+ 27. Kg2 Rfg3+ 28. Kf1 Rh1+ 29.
Kf2 Rg2+ 30. Ke3 Rh3+ 0-1

[Event "*** Titled Tuesday Blitz"]
[Site "Chess.com"]
[Date "2018.07.03"]
[Round "7"]
[White "andrzej"]
[Black "Polish_fighter3000"]
[Result "0-1"]
[WhiteElo "2212"]
[BlackElo "2747"]
[TimeControl "180+2"]
[EndTime "14:29:57 PDT"]
[Termination "Polish_fighter3000 won on time"]

1. e4 c5 2. Nf3 d6 3. d4 cxd4 4. Nxd4 Nf6 5. Nc3 a6 6. g3 e5 7. Nb3 b5 8. Bg2 Bb7 9. O-O Nbd7 10. a4 b4 11. Nd5 a5 12. Bg5 Be7 13. Bxf6 Nxf6 14.
c4 bxc3 15. Nxc3 O-O 16. Re1 Qb6 17. Nb5 Bc6 18. Qe2 Rfb8 19. Rec1 Bf8 20. Nd2 Bxb5 21. axb5 Qxb5 22. Nc4 a4 23. Bf1 Qb7 24. Bg2 h5 25. Qc2 Qb4 26. Ne3 Qxb2 27. Qc6 a3 28. Nf5 a2 29. Nxd6 Bxd6 30. Qxd6 Qxc1+ 31. Rxc1 Rb1 32. Qd1 Rxc1 33. Qxc1 a1=Q 0-1

[Event "*** Titled Tuesday Blitz"]
[Site "Chess.com"]
[Date "2018.07.03"]
[Round "7"]
[White "Artur0208"]
[Black "TenisMaster"]
[Result "0-1"]
[WhiteElo "2465"]
[BlackElo "2738"]
[TimeControl "180+2"]
[EndTime "14:29:57 PDT"]
[Termination "TenisMaster won by checkmate"]

1. d4 Nf6 2. Nf3 d5 3. c4 e6 4. Nc3 c6 5. Bg5 Nbd7 6. e3 h6 7. Bh4 g5 8. Bg3 Nh5 9. Qc2 Nxg3 10. hxg3 Bg7 11. Bd3 a6 12. O-O-O Qe7 13. cxd5 cxd5 14.
Kb1 b5 15. e4 b4 16. Na4 Bb7 17. exd5 Bxd5 18. Be4 Bxe4 19. Qxe4 O-O 20. Qd3 Rfd8 21. Rc1 Qd6 22. Rc4 g4 23. Ne1 Rac8 24. Rxc8 Rxc8 25. Nc2 Qc6 26. b3 Qxg2 27. Rd1 a5 28. d5 Ne5 29.
Qa6 Rd8 30. d6 Qf3 31. Qxa5 Qxd1+ 32. Kb2 Nd3# 0-1

[Event "*** Titled Tuesday Blitz"]
[Site "Chess.com"]
[Date "2018.07.03"]
[Round "7"]
[White "djamir"]
[Black "ChainsOfFantasia"]
[Result "0-1"]
[WhiteElo "2592"]
[BlackElo "2412"]
[TimeControl "180+2"]
[EndTime "14:29:59 PDT"]
[Termination "ChainsOfFantasia won on time"]

1. d4 Nf6 2. Bg5 e6 3. e3 h6 4. Bh4 b6 5. Bd3 Bb7 6. Nf3 Be7 7. O-O g5 8. Bg3 g4 9. Nfd2 h5 10. Bh4 Nd5 11. Bxe7 Qxe7 12. a3 f5 13. Re1 Nc6 14. c4 Nf6 15. b4 h4 16. b5 Na5 17. e4 fxe4 18. Nxe4 Nxe4 19. Bxe4 Bxe4 20. Rxe4 g3 21. Nd2 gxf2+ 22. Kxf2 O-O-O 23. Rg4 h3 24. g3 Rdf8+ 25. Kg1 e5 26. Qe2 Rh5 0-1

[Event "*** Titled Tuesday Blitz"]
[Site "Chess.com"]
[Date "2018.07.03"]
[Round "7"]
[White "Ravan_02"]
[Black "Hrant_ChessMood"]
[Result "0-1"]
[WhiteElo "2473"]
[BlackElo "2899"]
[TimeControl "180+2"]
[EndTime "14:30:08 PDT"]
[Termination "Hrant_ChessMood won by resignation"]

1. d4 Nf6 2. c4 g6 3. Nc3 Bg7 4. Nf3 O-O 5. Bf4 d6 6. e3 Nc6 7. h3 Bf5 8. Be2 Ne4 9. O-O e5 10. Bh2 exd4 11. exd4 Re8 12. Nd5 Nf6 13. Ne3 Bd7 14.
c5 dxc5 15. dxc5 Ne4 16. Qc2 Nd4 17. Nxd4 Bxd4 18. Bf3 Nxf2 19. Nd5 Ng4+ 20. Kh1 Nxh2 21. Kxh2 c6 22. Nb4 Qg5 23. Kh1 Bxc5 24. Nd3 Bd6 25.
g4 Re3 26. Rad1 Qh4 27. Qg2 Be6 28. Nf2 Be7 29. Ne4 Bxa2 30. Rd7 Bd5 31. Rxb7 Re8 32. g5 Bxe4 33. Bxe4 Rxh3+ 34. Kg1 Bc5+ 0-1

[Event "*** Titled Tuesday Blitz"]
[Site "Chess.com"]
[Date "2018.07.03"]
[Round "7"]
[White "morphy1984"]
[Black "Quiet_Desperation"]
[Result "1-0"]
[WhiteElo "2492"]
[BlackElo "1869"]
[TimeControl "180+2"]
[EndTime "14:30:19 PDT"]
[Termination "morphy1984 won by resignation"]

1. e4 Nc6 2. Nf3 d6 3. d4 Nf6 4. Nc3 d5 5. exd5 Nxd5 6. Bc4 e6 7. O-O Be7 8. Re1 O-O 9. Ne4 Nb6 10. Bb3 Na5 11.
c3 Nxb3 12. axb3 Nd7 13. Qd3 b6 14. Nfg5 h6 15. Nf3 Bb7 16. Bf4 a5 17. Rad1 Nf6 18.
Ng3 Nd5 19. Bc1 Bd6 20. Ne5 Bxe5 21. Rxe5 Nf6 22. Rde1 Nd7 23. Rh5 Qf6 24. f3 Qg6 25. Qe2 Rfe8 26. Rh4 Nf6 27. Ne4 Qf5 28. Rf4 1-0

[Event "*** Titled Tuesday Blitz"]
[Site "Chess.com"]
[Date "2018.07.03"]
[Round "7"]
[White "albi1999"]
[Black "Durarbayli"]
[Result "1-0"]
[WhiteElo "2521"]
[BlackElo "2648"]
[TimeControl "180+2"]
[EndTime "14:30:21 PDT"]
[Termination "albi1999 won by resignation"]

1. d4 Nf6 2. c4 e6 3. g3 c5 4. Nf3 cxd4 5. Nxd4 d5 6. Bg2 e5 7. Nf3 d4 8. O-O Nc6 9. e3 Bc5 10. exd4 exd4 11. Re1+ Be6 12. Ng5 O-O 13. Nxe6 fxe6 14. Nd2 e5 15. Ne4 Nxe4 16. Bxe4 Qf6 17. Rf1 Rad8 18.
a3 d3 19. Be3 Bxe3 20. fxe3 Qg5 21. Rxf8+ Kxf8 22. Qf3+ Ke7 23. Rf1 d2 24. Bd5 Kd6 25.
Qe2 Kc7 26. Qxd2 Rd7 27. Qc3 b6 28. b4 Ne7 29. Be4 Qh5 30. c5 b5 31. Bf3 Qf5 32. c6 Rd6 33. Qc5 Nc8 34. Qxb5 Nb6 35. Qa6 e4 36. Qxa7+ Kxc6 37. Rc1+ Kd5 38. Rc5+ 1-0

[Event "*** Titled Tuesday Blitz"]
[Site "Chess.com"]
[Date "2018.07.03"]
[Round "7"]
[White "jeetjain"]
[Black "Zq1"]
[Result "0-1"]
[WhiteElo "2437"]
[BlackElo "2516"]
[TimeControl "180+2"]
[EndTime "14:30:23 PDT"]
[Termination "Zq1 won on time"]

1. e4 c5 2. Nf3 d6 3. Bb5+ Bd7 4. Bxd7+ Nxd7 5. O-O Ngf6 6. Re1 e6 7. c4 Be7 8. d4 cxd4 9. Nxd4 O-O 10. Nc3 Rc8 11. b3 a6 12. Bb2 Qa5 13. Rc1 Rfd8 14. Qd2 Qh5 15. Qe2 Qxe2 16. Rxe2 Rc7 17. Rd1 Rdc8 18. Red2 Nc5 19. f3 Ne8 20. Nc2 Bg5 21. Re2 Bf6 22. Ne3 Rb8 23. Ng4 Be7 24. e5 h5 25.
exd6 Nxd6 26. Nf2 b5 27. cxb5 axb5 28. Nce4 Ncxe4 29. Nxe4 Nxe4 30. fxe4 Rbc8 31. Red2 Bg5 32. Rd3 Rc2 33. Bd4 Rxa2 34. Rg3 Bh6 35. Rf1 Rcc2 36. h4 Re2 37. e5 Re4 38. Rd1 Rxh4 39. Bc5 Rg4 40.
Rd8+ Kh7 41. Rxg4 hxg4 0-1

[Event "*** Titled Tuesday Blitz"]
[Site "Chess.com"]
[Date "2018.07.03"]
[Round "7"]
[White "racquetball1"]
[Black "tgpgoat"]
[Result "1-0"]
[WhiteElo "2041"]
[BlackElo "1962"]
[TimeControl "180+2"]
[EndTime "14:30:29 PDT"]
[Termination "racquetball1 won by checkmate"]

1. e4 c5 2. Nc3 Nc6 3. f4 g6 4. Nf3 Bg7 5. Bc4 e6 6. O-O Nge7 7. d3 a6 8. Bb3 O-O 9. e5 d5 10. exd6 Qxd6 11. Ne4 Qd8 12. Qe1 b6 13. Kh1 Bb7 14.
Qf2 Nd4 15. Be3 Nec6 16. c3 Nxb3 17. axb3 Qxd3 18. Nfg5 h6 19. Rad1 Qb5 20. Nd6 Qxb3 21. Nxb7 hxg5 22. fxg5 Ne5 23. Nd6 Ng4 24. Qe2 Nxe3 25.
Qxe3 Qxb2 26. Nxf7 Rxf7 27. Qxe6 Rf8 28. Rd7 Kh7 29.
Rdxf7 Rxf7 30. Qxf7 Qxc3 31. h3 Qg3 32. Qe7 c4 33.
Rf7 Qc3 34. Rf4 Qa1+ 35. Kh2 Qe5 36. Qf7 c3 37. Kh1 c2 38. Rh4# 1-0

[Event "*** Titled Tuesday Blitz"]
[Site "Chess.com"]
[Date "2018.07.03"]
[Round "7"]
[White "Sordis"]
[Black "MikeSailer"]
[Result "1-0"]
[WhiteElo "2275"]
[BlackElo "2046"]
[TimeControl "180+2"]
[EndTime "14:30:33 PDT"]
[Termination "Sordis won on time"]

1. c4 Nf6 2. g3 g6 3. Bg2 Bg7 4.
Nc3 c5 5. a3 Nc6 6. Rb1 a5 7.
d3 O-O 8. Nf3 d5 9. cxd5 Nxd5 10. Bd2 Nxc3 11. Bxc3 Nd4 12. O-O Rb8 13. e3 Nxf3+ 14. Bxf3 b5 15. Qd2 b4 16. Bxg7 Kxg7 17. Rbc1 Qd6 18. axb4 cxb4 19. Rc6 Qe5 20. d4 Qb5 21. Rc5 Qa4 22. Rc7 Ba6 23. Rfc1 e6 24. d5 Rbd8 25. Qd4+ Kg8 26. Qb6 Qb5 27. Qxb5 Bxb5 28.
R7c5 Rb8 29. dxe6 fxe6 30. Bg4 e5 31. Rc7 Ba4 32. Be6+ Kh8 33. Ra7 1-0

[Event "*** Titled Tuesday Blitz"]
[Site "Chess.com"]
[Date "2018.07.03"]
[Round "7"]
[White "jk13"]
[Black "GameOverBro"]
[Result "1-0"]
[WhiteElo "2563"]
[BlackElo "2439"]
[TimeControl "180+2"]
[EndTime "14:30:34 PDT"]
[Termination "jk13 won by resignation"]

1. Nf3 d6 2. g3 Nf6 3. Bg2 e5 4. O-O Be7 5. d3 O-O 6. e4 c6 7.
Nbd2 Nbd7 8. Nc4 b5 9. Ne3 Re8 10. a4 b4 11. a5 a6 12. Re1 Bb7 13. Nc4 Qc7 14. Bd2 c5 15. c3 bxc3 16. bxc3 Bf8 17. Qc2 Bc6 18. Reb1 Rab8 19. Ne3 g6 20. Be1 Rxb1 21.
Qxb1 Rb8 22. Qa2 Bh6 23. Nc4 Nf8 24. Bd2 Bxd2 25. Nfxd2 Ne6 26. h4 h5 27. Bh3 Ng4 28. Nb6 Kg7 29. Nf1 Qe7 30. Bxg4 hxg4 31. Ne3 Nf4 32. Qd2 f5 33. Ned5 Bxd5 34. exd5 Rh8 35. Re1 Nh3+ 36. Kg2 Rxh4 37. gxh4 Nf4+ 38. Qxf4 1-0

[Event "*** Titled Tuesday Blitz"]
[Site "Chess.com"]
[Date "2018.07.03"]
[Round "7"]
[White "dolynachess"]
[Black "stolencandy13"]
[Result "0-1"]
[WhiteElo "2396"]
[BlackElo "2322"]
[TimeControl "180+2"]
[EndTime "14:30:37 PDT"]
[Termination "stolencandy13 won by resignation"]

1. d4 Nf6 2. c4 c5 3. Nf3 cxd4 4. Nxd4 e5 5. Nb5 d5 6. cxd5 Bc5 7. N5c3 O-O 8. e3 e4 9. Be2 Bf5 10. a3 a5 11. g4 Bg6 12. h4 h6 13. Nd2 Qe7 14. Qc2 Re8 15. Rg1 Nbd7 16. Nb3 Bd6 17. Nd4 Qe5 18. Bd2 Rac8 19. O-O-O Nxd5 20. Kb1 Nb4 21.
axb4 axb4 22. Qb3 bxc3 23. Bxc3 Nc5 24. Qb5 Qe7 25. h5 Bh7 26. Nf5 Bxf5 27. gxf5 f6 28. Bc4+ Kh8 29. Rg6 Be5 30. Bxe5 Qxe5 31. Rdg1 Re7 32.
Qb6 Qxb2+ 33. Kxb2 Na4+ 34. Kb3 Nxb6 35. Be6 Rd8 36.
R6g4 Nd7 37. Rxe4 Nc5+ 38. Kc4 Nxe4 39. f3 Nd2+ 0-1

[Event "*** Titled Tuesday Blitz"]
[Site "Chess.com"]
[Date "2018.07.03"]
[Round "7"]
[White "eljanov"]
[Black "VitaliyBernadskiy"]
[Result "1-0"]
[WhiteElo "2664"]
[BlackElo "2709"]
[TimeControl "180+2"]
[EndTime "14:30:42 PDT"]
[Termination "eljanov won by resignation"]

1. c4 e6 2. Nc3 d5 3. d4 Ne7 4.
Nf3 g6 5. Bg5 Bg7 6. e3 Nbc6 7.
cxd5 exd5 8. Bb5 h6 9. Bh4 O-O 10. O-O Be6 11. Bxc6 bxc6 12. Rc1 g5 13. Bg3 Nf5 14.
Na4 h5 15. Nc5 Nxg3 16. Nxe6 fxe6 17. hxg3 h4 18. gxh4 gxh4 19. Rxc6 Qf6 20. Ne5 Rab8 21. Nd7 Qg6 22. Qc2 Rf5 23. Nxb8 h3 24. f4 Qg4 25. Rf3 Rh5 26. Qf2 Qf5 27. Rc1 Qd3 28. Nc6 Kh8 29. Rxh3 Rxh3 30. gxh3 1-0

[Event "*** Titled Tuesday Blitz"]
[Site "Chess.com"]
[Date "2018.07.03"]
[Round "7"]
[White "Gr3egor"]
[Black "Spring199"]
[Result "0-1"]
[WhiteElo "2373"]
[BlackElo "2206"]
[TimeControl "180+2"]
[EndTime "14:30:42 PDT"]
[Termination "Spring199 won by resignation"]

1. d4 d5 2. c4 e6 3. Nc3 Bb4 4. Nf3 Nf6 5. Bg5 dxc4 6. e4 c5 7. Bxc4 cxd4 8. Nxd4 Qa5 9. Bxf6 gxf6 10. Bb5+ Bd7 11. O-O a6 12. Nb3 Qb6 13. Bxd7+ Nxd7 14. Rc1 Rg8 15. Kh1 Ke7 16. f4 Rg6 17. f5 Rh6 18.
Qd2 Rh4 19. g3 Rh5 20. Qe2 Rg5 21. fxe6 fxe6 22. Rcd1 Ne5 23. Rf4 Rag8 24. Rdf1 Ng4 25. e5 Rxe5 26. Qc4 Ne3 27. Qd3 Nxf1 28. Qxh7+ Kd6 29. Qxg8 Re1 30. Ne4+ Ke5 31. Qb8+ Bd6 32. Qxd6+ Qxd6 33. Nxd6 Ne3+ 0-1

[Event "*** Titled Tuesday Blitz"]
[Site "Chess.com"]
[Date "2018.07.03"]
[Round "7"]
[White "Margency"]
[Black "Alopekos"]
[Result "1-0"]
[WhiteElo "2660"]
[BlackElo "2430"]
[TimeControl "180+2"]
[EndTime "14:30:45 PDT"]
[Termination "Margency won by resignation"]

1. e4 e5 2. Nf3 Nc6 3. Bc4 Nf6 4. d3 Be7 5. O-O O-O 6. Re1 d6 7. a4 Kh8 8. Nc3 Bg4 9. Be3 Nd4 10. Bxd4 exd4 11. Nb1 Nd7 12. Nbd2 Ne5 13. h3 Bxf3 14. Nxf3 Nxc4 15. dxc4 c5 16. Re2 Bf6 17. Ne1 Re8 18. Nd3 Qb6 19. b3 Qc6 20. Qe1 Be5 21. Qf1 g6 22. Rae1 Re7 23. f4 Bg7 24. Qf3 Rae8 25.
Kf2 f5 26. exf5 Qxf3+ 27. Kxf3 Rxe2 28. Rxe2 Rxe2 29. Kxe2 gxf5 30. Kf3 h5 31. g4 hxg4+ 32.
hxg4 fxg4+ 33. Kxg4 Kg8 34. Kf5 Kf7 35. Nf2 Bf8 36.
Ne4 Ke7 37. Kg6 Kd7 38. f5 Be7 39. Kf7 Bh4 40. Nf6+ Kc6 41. Nd5 b6 42. Ke6 a6 43.
f6 Bxf6 44. Nxf6 b5 45. axb5+ axb5 46. Ne4 bxc4 47. bxc4 1-0

[Event "*** Titled Tuesday Blitz"]
[Site "Chess.com"]
[Date "2018.07.03"]
[Round "7"]
[White "Nathan_Filgueiras"]
[Black "SamCopeland"]
[Result "0-1"]
[WhiteElo "2141"]
[BlackElo "1972"]
[TimeControl "180+2"]
[EndTime "14:30:45 PDT"]
[Termination "SamCopeland won by checkmate"]

1. e4 e6 2. d4 d5 3. Nd2 Nf6 4. e5 Nfd7 5. Bd3 c5 6. c3 Nc6 7.
Ne2 cxd4 8. cxd4 f6 9. exf6 Nxf6 10. Nf3 Bd6 11. O-O O-O 12. Bg5 Qc7 13. Bh4 Nh5 14. Qc2 h6 15. Bh7+ Kh8 16. Bg6 Nf4 17. Nxf4 Bxf4 18.
Bg3 Bd7 19. Rfe1 Rf6 20. Bd3 Raf8 21. a3 Be8 22. Ne5 Bxg3 23. hxg3 Rxf2 24. Qxf2 Rxf2 25. Kxf2 Qb6 26. Nxc6 Bxc6 27. Kf1 Qxd4 28. Rad1 e5 29. b4 Qb2 30. Kg1 e4 31. Bf1 a6 32. Ra1 d4 33.
Bc4 e3 34. Rf1 Qxg2# 0-1